 Dungeon Crawl Stone Soup version 0.26.1-11-gd32895ea62 (webtiles) character file.

Game seed: 2110036482277950401

21 Descartes the Scratcher (level 2, -2/12 HPs)
             Began as a Felid Transmuter on Apr 17, 2021.
             Slain by an adder (3 damage)
             ... on level 2 of the Dungeon.
             The game lasted 00:02:16 (1174 turns).

Descartes the Scratcher (Felid Transmuter)          Turns: 1174, Time: 00:02:16

Health: -2/12      AC:  1    Str:  6    XL:     2   Next: 65%
Magic:  6/6        EV: 18    Int: 14    God:
Gold:   113        SH:  0    Dex: 16    Spells: 4/5 levels left
                                        Lives:  0   Deaths: 0

rFire    x . .     SeeInvis +     - Unarmed
rCold    + . .     Faith    .   (shield unavailable)
rNeg     . . .     Spirit   .   (armour unavailable)
rPois    .         Reflect  .   (helmet unavailable)
rElec    .         Harm     .   (cloak unavailable)
rCorr    .         Rampage  .   (gloves unavailable)
Will     .....                  (boots unavailable)
Stlth    ++........             b - amulet of magic regeneration
HPRegen  0.04/turn              a - ring of ice
MPRegen  0.35/turn              (no ring)

@: quick
A: very small, no armour, no weapons or thrown items, stealth, claws 1, fangs 3,
see invisible, speed 1, shaggy fur 1, sharp paws
a: no special abilities


You were on level 2 of the Dungeon.
You visited 1 branch of the dungeon, and saw 2 of its levels.

You collected 113 gold pieces.

Inventory:

Missiles
 d - 12 arrows
 e - 18 stones
Jewellery
 a - a ring of ice (left paw)
 b - an amulet of magic regeneration (around neck)
Potions
 c - 2 potions of resistance {unknown}


   Skills:
 - Level 1.0 Fighting
 + Level 3.1 Dodging
 + Level 1.3 Stealth
 + Level 3.2 Unarmed Combat
 - Level 2.0 Spellcasting
 * Level 2.8 Transmutations


You had 4 spell levels left.
You knew the following spells:

 Your Spells              Type           Power        Failure   Level
a - Beastly Appendage     Tmut           18%          8%          1

Your spell library contained the following spells:

 Spells                   Type           Power        Failure   Level
 Wereblood                Tmut           9%           11%         2
 Spider Form              Tmut/Pois      2%           36%         3
 Ice Form                 Ice/Tmut       8%           78%         4
 Blade Hands              Tmut           4%           90%         5


Dungeon Overview and Level Annotations

Branches:
Dungeon (2/15)

Altars:

Annotations:
D:2 Terence


Innate Abilities, Weirdness & Mutations

You cannot wear armour.
You are incapable of wielding weapons or throwing items.
Your paws allow you to move quietly. (Stealth)
You have sharp claws.
You have razor-sharp teeth.
You have supernaturally acute eyesight. (SInv)
You cover ground quickly.
You are covered in fur. (AC +1)
Your sharp claws are effective at attacking unaware monsters.


Message History

You are too injured to fight recklessly!
You are too injured to fight recklessly!
You are too injured to fight recklessly!
You are too injured to fight recklessly!
You are too injured to fight recklessly!
You scratch Terence but do no damage. Your bite misses Terence.
You closely miss Terence. Terence completely misses you.
You scratch Terence but do no damage. Your headbutt misses Terence.
Your bite misses Terence. Terence barely misses you.
You completely miss Terence. Terence hits you with a +0 mace.
* * * LOW HITPOINT WARNING * * *
You scratch Terence but do no damage.
Your transformation is almost over.
Terence closely misses you.
The teleport trap disappears.
Terence disappears!
An adder comes into view.
The adder hisses angrily.
Your horns disappear.
The adder bites you.
You die...

#.# #.# ### #.###.## #
##.##...######### .
..#.....S@...<.# #
#.##...........# #
#####.###..#######.# #
#.............g.....#
#
#.###.###..#######....
####.............
#.###..
......##ยง.....###.#
#.. ...
#####.##.####.# ... .g
#####.##.# #.# #.# .


You could see an adder.

Vanquished Creatures
  A dart slug (D:1)
  A leopard gecko (D:2)
  A bat (D:2)
  4 giant cockroaches
  2 goblins
  A hobgoblin (D:2)
  2 kobolds (D:1)
  2 ball pythons
  2 frilled lizards (D:1)
16 creatures vanquished.

Notes
Turn   | Place    | Note
-------+----------+-------------------------------------------
     0 | D:1      | Descartes the Felid Transmuter began the quest for the Orb.
     0 | D:1      | Reached XP level 1. HP: 9/9 MP: 4/4
   327 | D:1      | Reached XP level 2. HP: 11/12 MP: 6/6
   429 | D:1      | Reached skill level 1 in Stealth
  1154 | D:2      | Noticed Terence
  1174 | D:2      | Slain by an adder

Illustrated notes

Levels and vault maps discovered:
D:1:      tarquinn_simple_flora_water_d, layout_basic
D:2:      layout_loops_ring, chequers_ecumenical_altar_simple_redux,
          uniq_terence

Skill      XL: |  1  2 |
---------------+-------+-----
Stealth        | 1 |  1.3
Dodging        | 3 |  3.1
Fighting       | |  1.0
Unarmed Combat | |  3.2
Spellcasting   | |  2.0
Transmutations | |  2.8

Action                   || total
-------------------------++-------
Melee: Unarmed           ||    44
       Headbutt          ||     5
 Cast: Beastly Appendage ||    14
  Use: Scroll            ||     1
 Stab: Sleeping          ||     1
Armor: Skin              ||     3
Dodge: Dodged            ||    36
